 Dungeon Crawl Stone Soup version 0.32-a0-872-g59262bdc9b (webtiles) character file.

Game seed: 11600431206366291462

109 smashvw the Magician (level 5, -4/35 HPs)
             Began as a Djinni Fire Elementalist on Mar 30, 2024.
             Slain by a gnoll
             ... wielding a +0 flail
              (10 damage)
             ... on level 2 of the Dungeon.
             The game lasted 00:05:05 (1912 turns).

smashvw the Magician (Djinni Fire Elementalist)     Turns: 1912, Time: 00:05:05

Health: -4/35      AC:  2    Str:  7    XL:     5   Next: 13%
Gold:   98         EV: 12    Int: 18    God:
                   SH:  0    Dex: 14

rFire   + + .        g - staff of conjuration
rCold   x . .        (no shield)
rNeg    . . .        a - +0 robe
rPois   ∞            (no helmet)
rElec   .            (no cloak)
rCorr   .            (no gloves)
SInv    .            (boots unavailable)
Will    .....        c - amulet of the acrobat
Stlth   ++           (no ring)
HPRegen 0.25/turn    (no ring)
MPRegen 0.00/turn

%: acrobat, infuse magic (-5 HP)
@: flying, very slightly contaminated
A: sickness immunity, fire resistance 2, cold vulnerability 1, float, innate
caster, HP casting, extra vitality 1
a: no special abilities


You were on level 2 of the Dungeon.
You visited 1 branch of the dungeon, and saw 2 of its levels.

You collected 98 gold pieces.

Inventory:

Hand Weapons
 e - a +3 dagger of venom
Armour
 a - a +0 robe (worn)
Magical Staves
 g - a staff of conjuration (weapon)
Jewellery
 c - an amulet of the acrobat (around neck)
Scrolls
 d - a scroll of teleportation {unknown}
 h - a scroll of poison {unknown}
 i - 3 scrolls of enchant armour {unknown}
 l - a scroll of vulnerability {unknown}
 n - 3 scrolls of identify {unknown}
 o - a scroll of fog {unknown}
 p - a scroll of enchant weapon {unknown}
 q - a scroll of fear {unknown}
Potions
 b - 2 potions of brilliance {unknown}
 f - 4 potions of attraction {unknown}
 j - 2 potions of curing {unknown}
 k - a potion of heal wounds {unknown}
 m - a potion of magic {unknown}
 r - a potion of resistance {unknown}


   Skills:
 + Level 3.5 Dodging
 + Level 2.7 Stealth
 + Level 3.7 Spellcasting
 + Level 3.7 Conjurations
 + Level 3.7 Hexes
 + Level 3.7 Summonings
 + Level 3.7 Necromancy
 + Level 3.7 Translocations
 + Level 3.7 Fire Magic
 + Level 3.7 Ice Magic
 + Level 3.7 Air Magic
 + Level 3.7 Earth Magic
 + Level 3.7 Alchemy


You knew the following spells:

 Your Spells              Type           Power      Damage    Failure   Level
a - Foxfire               Conj/Fire      96%        2x1d8     3%          1
b - Scorch                Fire           32%        2d6       4%          2
c - Volatile Blastmotes   Fire/Tloc      32%        2d12      10%         3
d - Inner Flame           Hex/Fire       16%        N/A       10%         3
e - Flame Wave            Conj/Fire      24%        2d8       32%         4
f - Sandblast             Erth           32%        2d9       3%          1
g - Momentum Strike       Conj/Tloc      48%        3d9       4%          2
Your spell library was empty.

Dungeon Overview and Level Annotations

Branches:
Dungeon (2/15)

Altars:


Innate Abilities, Weirdness & Mutations

You are immune to sickness and miasma.
You are immune to poison.
Your flesh is very heat resistant. (rF++)
You are vulnerable to cold. (rC-)
You float through the air rather than walking.
You learn spells naturally, not from books.
Your magical power is your life essence.
You have superior vitality. (+4 MHP)


Message History

Casting: Scorch (safe; 4% risk of failure)
Confirm with . or Enter, or press ? or * to list all spells.
Flames lash the gnoll.
The gnoll is burned terribly!
The gnoll is almost dead.
The gnoll barely misses you.
Casting: Scorch (safe; 4% risk of failure)
Confirm with . or Enter, or press ? or * to list all spells.
You miscast Scorch.
You are very lightly contaminated with residual magic.
Nothing appears to happen.
The gnoll hits you with a +0 flail.
Casting: Scorch (safe; 4% risk of failure)
Confirm with . or Enter, or press ? or * to list all spells.
Flames lash the gnoll.
The gnoll is heavily wounded.
The gnoll's fire resistance burns away.
The gnoll hits you with a +0 flail!
* * * LOW HITPOINT WARNING * * *
You are too injured to fight recklessly!
You are too injured to fight recklessly!
Casting: Scorch (safe; 4% risk of failure)
Confirm with . or Enter, or press ? or * to list all spells.
You feel a surge of power!
You miscast Foxfire.
Nothing appears to happen.
* * * LOW HITPOINT WARNING * * *
The gnoll barely misses you.
Casting: Foxfire (safe; 3% risk of failure)
Confirm with . or Enter, or press ? or * to list all spells.
You feel a surge of power!
You conjure some foxfire!
* * * LOW HITPOINT WARNING * * *
The gnoll is no longer more vulnerable to fire.
The gnoll barely misses you.
Casting: Foxfire (safe; 3% risk of failure)
Confirm with . or Enter, or press ? or * to list all spells.
You feel a surge of power!
You conjure some foxfire!
* * * LOW HITPOINT WARNING * * *
The gnoll barely misses you.
Casting: Foxfire (safe; 3% risk of failure)
Confirm with . or Enter, or press ? or * to list all spells.
You feel a surge of power!
You conjure some foxfire!
* * * LOW HITPOINT WARNING * * *
The gnoll hits you with a +0 flail!
You die...

...# #.# ...# #.# ..##
#.# ..##### #.#
......###### #.#
..###......## ######.#
.P♣♣§§##....♣ ♣♣#......#
.♣..§PP.♣♣.♣♣♣♣.vv♣###.#
♣♣♣.♣♣♣♣.♣ # #PP@v♣ #.#
.♣..♣♣♣P.♣##.##g♣v# #.#
.♣....♣..#+.(.g#P.# #.#
♣♣P.♣.....##[##♣.## #.#
P♣♣..♣.♣.♣.###♣...♣ #.#
..P..♣..♣♣...♣.♣..# #.#
...♣P.♣P....♣.♣♣.##
#.##########
.♣......♣♣.♣..♣...#
#..........#
.♣♣..♣♣♣.♣.♣.♣....##
#######.####


You could see 2 gnolls.

Vanquished Creatures
  3 adders (D:2)
  3 dart slugs
  A ribbon worm (D:2)
  8 bats
  5 endoplasms
  6 goblins
  2 hobgoblins
  10 jackals
  3 kobolds (D:1)
  10 quokkas
  6 ball pythons
  2 frilled lizards (D:1)
  5 rats (D:1)
64 creatures vanquished.

Vanquished Creatures (collateral kills)
  6 foxfires (D:2)
6 creatures vanquished.

Vanquished Creatures (others)
  271 foxfires
271 creatures vanquished.

Grand Total: 341 creatures vanquished

Notes
Turn   | Place    | Note
-------+----------+-------------------------------------------
     0 | D:1      | smashvw the Djinni Fire Elementalist began the quest for
                  | the Orb.
     0 | D:1      | smashvw set off with the following spells memorised:
                  | Foxfire, Scorch, Volatile Blastmotes, Inner Flame, Flame
                  | Wave.
     0 | D:1      | Reached XP level 1. HP: 15/15 MP: 0/0
    46 | D:1      | Reached XP level 2. HP: 19/21 MP: 0/0
   205 | D:1      | Reached XP level 3. HP: 22/25 MP: 0/0
   205 | D:1      | Learned a level 1 spell: Sandblast
   901 | D:2      | Reached XP level 4. HP: 27/31 MP: 0/0
  1345 | D:2      | Reached XP level 5. HP: 19/35 MP: 0/0
  1345 | D:2      | Learned a level 2 spell: Momentum Strike
  1912 | D:2      | Slain by a gnoll

Illustrated notes

Levels and vault maps discovered:
D:1:      minmay_arrival_solitary_statue, layout_rooms, minmay_pentomino_t4
D:2:      wad_woods_tower, layout_basic

Skill      XL: |  1  2  3 |
---------------+----------+-----
Stealth        | 2 |  2.7
Dodging        | 3 |  3.5
Spellcasting   | |  3.7
Conjurations   | |  3.7
Hexes          | |  3.7
Summonings     | |  3.7
Necromancy     | |  3.7
Translocations | |  3.7
Fire Magic     | |  3.7
Ice Magic      | |  3.7
Air Magic      | |  3.7
Earth Magic    | |  3.7
Alchemy        | |  3.7

Action                     |  1- 3 |  4- 6 || total
---------------------------+-------+-------++-------
  Melee: Unarmed           |     2 |       ||     2
         Punch             |     1 |       ||     1
         Staff             |     2 |     3 ||     5
   Cast: Foxfire           |   110 |    62 ||   172
         Scorch            |     2 |     9 ||    11
         Sandblast         |     1 |    15 ||    16
 Armour: Robe              |    10 |    12 ||    22
  Dodge: Dodged            |    15 |    21 ||    36

Table legend: (Time is in decaauts)
 A = Elapsed time spent in this place.
 B = Non-inter-level travel time spent in this place.
 C = Inter-level travel time spent in this place.
 D = Time resting spent in this place.
 E = Time spent auto-exploring this place.
 F = Levels seen in this place.
 G = Mean time per level.
                   A        B        C        D        E       F      G
               +--------+--------+--------+--------+--------+-----+--------+
         Total |   1919 |   1905 |     14 |      0 |   1529 |   2 |  959.5 |
       Dungeon |   1919 |   1905 |     14 |      0 |   1529 |   2 |  959.5 |
               +--------+--------+--------+--------+--------+-----+--------+

Top non-repeatable levels by time:
     D:2: 1090 daAuts
     D:1: 828 daAuts
